AoeStats
← Khirs

Black Forest

504524867Analyzed
4v4 RM · 27d ago on Sep 5, 2026· 86m 34s· 8 players
Game mode
Random Map
Map size
Large (8 player)
Population
200
Speed
Normal
Resources
Standard
Victory
Conquest
Starting age
Dark Age
Ending age
Imperial Age
RankedLock teamsTeams togetherTeam positionsShared explorationLock speedFull tech treeHidden civsTurbo modeCheats
Victory
Defeat
🇺🇸 Persians · United States
912
+14
🇬🇧 Mongols · United Kingdom
900
+14
🇪🇸 Teutons · Spain
847
+16
🇷🇴 Chinese · Romania
847
+16
🇨🇳 Portuguese · China
909
-17
🇲🇽 Slavs · Mexico
902
-17
🇦🇷 Franks · Argentina
823
-14
🇨🇳 Huns · China
791
-12
Aqua jahaan
0:31 Loom
13:10 Feudal Age
14:10 Double-Bit Axe
16:53 Horse Collar
19:16 Castle Age
19:37 Gold Mining
20:06 Heavy Plow
20:19 Bow Saw
21:11 Stone Mining
22:32 Wheelbarrow
22:17 Fletching
26:19 Gold Shaft Mining
26:16 Husbandry
27:39 Bloodlines
29:27 Hand Cart
29:49 Scale Barding Armor
29:55 Forging
31:39 Bodkin Arrow
33:20 Chain Barding Armor
37:12 Iron Casting
40:20 Imperial Age
40:44 Stone Shaft Mining
41:29 Conscription
41:57 Plate Barding Armor
40:48 Cavalier
42:59 Citadels
43:19 Ballistics
43:59 Chemistry
43:00 Murder Holes
42:56 Savar
43:00 Heavy Scorpion
45:59 Blast Furnace
46:01 Hoardings
48:40 Two-Man Saw
48:14 Crop Rotation
47:59 Guilds
53:52 Caravan
55:18 Elite War Elephant
Khirs
0:43 Loom
17:02 Feudal Age
18:21 Wheelbarrow
17:36 Double-Bit Axe
17:50 Horse Collar
21:44 Stone Mining
24:46 Castle Age
23:52 Forging
24:22 Gold Mining
26:49 Stone Shaft Mining
27:28 Scale Mail Armor
27:49 Heavy Plow
28:04 Bow Saw
32:27 Fortified Wall
34:01 Hand Cart
34:24 Ballistics
37:49 Imperial Age
36:42 Scale Barding Armor
36:29 Fletching
36:53 Masonry
36:39 Pikeman
38:55 Conscription
38:01 Elite Teutonic Knight
38:24 Cavalier
39:15 Bodkin Arrow
40:50 Chemistry
40:25 Coinage
39:51 Halberdier
41:04 Chain Barding Armor
42:09 Ironclad
42:28 Iron Casting
43:44 Arson
44:25 Crenellations
44:46 Plate Barding Armor
43:43 Paladin
45:10 Caravan
46:26 Two-Man Saw
46:50 Crop Rotation
47:24 Blast Furnace
47:13 Banking
46:39 Capped Ram
48:27 Chain Mail Armor
51:27 Plate Mail Armor
54:03 Onager
55:57 Siege Onager
59:42 Guilds
67:15 Siege Engineers
66:58 Arrowslits
Antarctic Nerd
0:28 Loom
12:28 Feudal Age
13:42 Double-Bit Axe
13:41 Horse Collar
17:17 Fletching
18:02 Gold Mining
21:02 Castle Age
19:18 Padded Archer Armor
19:37 Stone Mining
22:00 Forging
21:57 Scale Barding Armor
22:18 Bodkin Arrow
23:00 Bow Saw
23:10 Heavy Plow
24:32 Leather Archer Armor
26:01 Gold Shaft Mining
26:55 Wheelbarrow
27:06 Town Watch
28:09 Iron Casting
28:25 Caravan
31:07 Hand Cart
31:44 Husbandry
31:54 Bloodlines
32:42 Ballistics
32:59 Chain Barding Armor
37:38 Imperial Age
35:44 Thumb Ring
38:28 Bracer
38:08 Elite Mangudai
40:19 Chemistry
39:53 Conscription
40:45 Drill
47:52 Parthian Tactics
73:50 Elite Steppe Lancer
73:51 Heavy Camel Rider
73:52 Cavalier
73:53 Light Cavalry
75:40 Blast Furnace
74:41 Scale Mail Armor
75:21 Capped Ram
76:13 Siege Ram
79:18 Spies/Treason
Mihai11003Dan
11:36 Feudal Age
12:07 Double-Bit Axe
12:04 Horse Collar
14:23 Wheelbarrow
15:01 Gold Mining
21:49 Castle Age
20:48 Stone Mining
22:32 Heavy Plow
22:44 Bow Saw
28:19 Hand Cart
29:11 Gold Shaft Mining
29:22 Stone Shaft Mining
29:04 Padded Archer Armor
28:54 Fletching
28:51 Crossbowman
30:38 Leather Archer Armor
33:01 Bodkin Arrow
34:14 Forging
35:14 Thumb Ring
36:44 Ballistics
36:14 Heated Shot
37:50 Masonry
40:53 Imperial Age
40:25 Iron Casting
40:02 Fortified Wall
39:48 Murder Holes
40:56 Elite Chu Ko Nu
41:08 Sappers
41:11 Elite Chu Ko Nu
42:58 Conscription
42:40 Great Wall
42:07 Heavy Rocket Cart
43:23 Architecture
44:00 Ring Archer Armor
43:30 Bracer
44:35 Two-Man Saw
45:13 Chemistry
46:34 Coinage
46:05 Caravan
46:29 Bombard Tower
46:25 Bracer
55:43 Blast Furnace
55:17 Banking
58:12 Rocketry
87:12 Scale Mail Armor
87:17 Scale Barding Armor
(Quetzal)ODINset
2:31 Loom
3:17 Loom
13:15 Feudal Age
14:46 Double-Bit Axe
15:36 Horse Collar
18:12 Castle Age
17:18 Gold Mining
18:59 Heavy Plow
19:11 Bow Saw
21:35 Caravan
26:18 Stone Mining
31:51 Detinets
32:45 Coinage
36:48 Imperial Age
35:26 Scale Barding Armor
35:41 Forging
35:53 Ballistics
37:34 Chain Barding Armor
37:50 Iron Casting
37:41 Druzhina
38:03 Conscription
38:31 Banking
39:03 Wheelbarrow
38:16 Town Watch
39:07 Plate Barding Armor
39:33 Blast Furnace
38:40 Elite Boyar
41:23 Two-Man Saw
40:56 Crop Rotation
41:22 Fletching
41:33 Padded Archer Armor
41:34 Scale Mail Armor
42:36 Chemistry
41:52 Fortified Wall
41:58 Masonry
41:49 Murder Holes
42:10 Siege Engineers
46:47 Bodkin Arrow
47:08 Leather Archer Armor
47:14 Chain Mail Armor
58:25 Plate Mail Armor
WarapEB
0:39 Loom
12:14 Feudal Age
13:11 Double-Bit Axe
18:17 Wheelbarrow
20:55 Castle Age
20:40 Gold Mining
20:40 Stone Mining
21:42 Stone Mining
23:49 Bow Saw
25:26 Crossbowman
30:31 Pikeman
38:25 Imperial Age
37:25 Wheelbarrow
38:04 #83
38:28 Halberdier
39:54 Conscription
40:03 Hand Cart
42:29 Heavy Scorpion
42:44 Cavalier
42:57 Elite Skirmisher
46:17 Chivalry
45:38 Elite Throwing Axeman
47:30 Ballistics
47:07 Murder Holes
47:16 Paladin
52:26 Chemistry
59:03 Husbandry
59:37 Caravan
63:19 Hoardings
64:17 Scale Barding Armor
64:13 Scale Mail Armor
64:23 Forging
64:04 Fletching
64:14 Padded Archer Armor
67:33 Light Cavalry
嗯
11:51 Feudal Age
12:23 Double-Bit Axe
12:25 Horse Collar
14:26 Wheelbarrow
14:33 Arson
20:37 Castle Age
18:54 Gold Mining
18:58 Stone Mining
21:50 Hand Cart
24:17 Bow Saw
24:09 Heavy Plow
24:49 Gold Shaft Mining
25:56 Loom
28:44 Scale Barding Armor
28:39 Scale Mail Armor
28:49 Forging
28:30 Fletching
28:40 Padded Archer Armor
29:02 Husbandry
29:15 Bloodlines
28:28 Light Cavalry
30:04 Thumb Ring
30:24 Chain Barding Armor
30:20 Chain Mail Armor
30:30 Ballistics
30:21 Masonry
35:15 Imperial Age
34:11 Leather Archer Armor
33:52 Bodkin Arrow
34:32 Iron Casting
35:03 Caravan
37:02 Chemistry
36:39 Plate Barding Armor
38:06 Two-Man Saw
38:18 Murder Holes
38:27 Bracer
39:28 Blast Furnace
39:01 Parthian Tactics
40:05 Coinage
39:46 Guilds
41:24 Heavy Cavalry Archer
41:33 Hussar
42:18 Marauders
42:40 Conscription
42:51 Conscription
41:57 Elite Tarkan
45:27 Capped Ram
45:33 Capped Ram
47:19 Cavalier
47:24 Elite Skirmisher
47:28 Crossbowman
48:06 Town Watch
49:06 Banking
48:56 Paladin
50:34 Squires
50:00 Pikeman
50:01 Man-at-Arms
Tony662660
11:53 Feudal Age
12:41 Gold Mining
15:53 Castle Age
13:42 Double-Bit Axe
21:22 Imperial Age
20:03 Treadmill Crane
22:24 Loom
23:17 Wheelbarrow
26:52 Town Watch
29:28 Chemistry
29:03 Masonry
29:18 Stone Mining
29:42 Bow Saw
30:28 Fletching
30:57 Hand Cart
32:07 Architecture
31:48 Fortified Wall
32:00 Bodkin Arrow
33:38 Two-Man Saw
33:34 Town Patrol
34:19 Stone Shaft Mining
34:15 Ballistics
35:04 Bracer
35:10 Scale Barding Armor
35:16 Forging
35:24 Siege Engineers
35:36 Guard Tower
35:43 Murder Holes
35:50 Scale Mail Armor
36:56 Chain Barding Armor
36:37 Padded Archer Armor
38:33 Guilds
38:55 Coinage
39:07 Plate Barding Armor
38:48 Chain Mail Armor
39:08 Iron Casting
39:45 Leather Archer Armor
40:33 Keep
41:01 Banking
43:08 Bombard Tower
47:58 Devotion
47:54 Herbal Medicine
48:37 Plate Mail Armor
49:08 Blast Furnace
48:38 Ring Archer Armor
53:00 Arquebus
53:21 Conscription
53:02 Circumnavigation
53:25 Faith
74:43 Onager
Connection lost

Rejoining the realm…

Still unreachable

The connection could not be restored.

Session expired

The server has moved on; the page needs a fresh start.